 Dungeon Crawl Stone Soup version 0.21.1-1-g345015f (webtiles) character file.

21 inc the Magician (level 2, -3/17 HPs)
             Began as an Octopode Wizard on Apr 29, 2018.
             Slain by Sigmund
             ... wielding a +3 scythe of venom
              (15 damage)
             ... on level 2 of the Dungeon.
             The game lasted 00:01:41 (998 turns).

inc the Magician (Octopode Wizard)                   Turns: 998, Time: 00:01:42

Health: -3/17      AC:  1    Str:  6    XL:     2   Next: 83%
Magic:  6/6        EV: 13    Int: 20    God:
Gold:   42         SH:  0    Dex: 10    Spells: 6/7 levels left

rFire    + . .     SeeInvis .   (no weapon)
rCold    . . .     Gourm    .   (no shield)
rNeg     . . .     Faith    .   a - +0 hat
rPois    .         Spirit   .   (no amulet)
rElec    .         Reflect  .   (no ring)
rCorr    .         Harm     .   (no ring)
MR       .....                  (no ring)
Stlth    +++.......             (no ring)
HPRegen  0.05/turn              (no ring)
MPRegen  0.10/turn              (no ring)
                                (no ring)
                                (no ring)

@: hasted, very quick
A: almost no armour, stealthy swim, amphibious, 8 rings, constrict 8, camouflage
1, fire resistance 1, wild magic 1, gelatinous body 1, evolution 1
a: no special abilities


You were on level 2 of the Dungeon.
You were not hungry.

You visited 1 branch of the dungeon, and saw 2 of its levels.

You collected 42 gold pieces.

Inventory:

Armour
 a - a +0 hat (worn)
Scrolls
 d - 2 scrolls of blinking {unknown}
 f - a scroll of enchant armour {unknown}
 g - 3 scrolls of identify {unknown}
 j - a scroll of magic mapping {unknown}
Potions
 i - a potion of might {unknown}
Books
 b - a book of Minor Magic

   Spells                             Type                      Level
   a - Magic Dart                     Conjuration                  1
   b - Blink                          Translocation                2
   c - Call Imp                       Summoning                    2
   d - Slow                           Hexes                        2
   e - Conjure Flame                  Conjuration/Fire             3
   f - Mephitic Cloud                 Conjuration/Poison/Air       3
Comestibles
 c - 2 rations


   Skills:
 - Level 2.0 Dodging
 - Level 2.6 Stealth
 - Level 3.0 Spellcasting
 + Level 2.7 Conjurations
   Level 1.0 Summonings
   Level 1.0 Translocations


You had 6 spell levels left.
You knew the following spells:

 Your Spells              Type           Power        Failure   Level  Hunger
a - Magic Dart            Conj           ###.         8%          1    None


Dungeon Overview and Level Annotations

Branches:
Dungeon (2/15)

Altars:

Annotations:
D:2 Sigmund, Terence


Innate Abilities, Weirdness & Mutations

You cannot wear most types of armour.
You are very stealthy in the water. (Stealth+)
You are amphibious.
You can wear up to eight rings at the same time.
You can use your tentacles to constrict eight enemies at once.
Your skin changes colour to match your surroundings (Stealth+).
Your rubbery body absorbs attacks. (AC +1, EV +1)
Your flesh is heat resistant. (rF+)
Your spells are a little harder to cast, but a little more powerful.
You evolve.


Message History

Sigmund flickers and vanishes!
Deactivating autopickup; reactivate with Ctrl-A.
You bump into the rock wall.
You bump into the rock wall.
You feel less confused.
A magic dart appears from out of thin air!
The magic dart hits you!
A kobold comes into view. It is wielding a club.
The kobold shouts!
The kobold throws a stone.
The stone completely misses you.
You see here a stone.
It was a potion of mutation.
You feel extremely strange.
You feel resistant to heat.
You feel nature experimenting on you.
Don't worry, failures die fast.
You feel less in control of your magic. The kobold hits you but does no damage.
It was a potion of haste.
You feel yourself speed up. The kobold hits you but does no damage.
Something hits you!
Ouch! That really hurt!
You die...

#.......#.# #.#
###...###.####.#
#...##.......# ##[###..######
#.# #..# ################.#
#..# #.[.........(.##.#
#..####### #.####..#####.##.#
#.[......# #.# #..# #@##†#
#######..# #.# #..# #K##.#
#..# #.# #..#####.##.# #..#
#@# #...........# #..#
####.####..#####.#### #..#
...........### #.# #..#
@###.........###.# #..#
#..#.......##.############..#
...............)............#


You could see a kobold.

Vanquished Creatures
  A dart slug (D:1)
  A bat (D:2)
  A giant cockroach (D:2)
  2 goblins
  A hobgoblin (D:2)
  5 jackals (D:2)
  A frilled lizard (D:2)
  2 kobolds (D:2)
  2 rats
16 creatures vanquished.

Notes
Turn   | Place    | Note
-------+----------+-------------------------------------------
     0 | D:1      | inc the Octopode Wizard began the quest for the Orb.
     0 | D:1      | Reached XP level 1. HP: 11/11 MP: 4/4
   191 | D:2      | Reached XP level 2. HP: 17/17 MP: 1/6
   315 | D:2      | Noticed Terence
   971 | D:2      | Noticed Sigmund
   997 | D:2      | Gained mutation: Your flesh is heat resistant. (rF+) [potion of mutation]
   997 | D:2      | Gained mutation: You evolve. [potion of mutation]
   997 | D:2      | Gained mutation: Your spells are a little harder to cast, but a little more powerful. [potion of mutation]
   998 | D:2      | Slain by Sigmund

Skill      XL: |  1 |
---------------+----+-----
Conjurations   | 2 |  2.7
Dodging        | |  2.0
Stealth        | |  2.6
Spellcasting   | |  3.0
Summonings     | |  1.0
Translocations | |  1.0

Action                   || total
-------------------------++-------
Melee: Unarmed           ||    11
       Constrict         ||     2
       Tentacles         ||     2
 Cast: Magic Dart        ||    36
  Use: Potion            ||     2
Armor: Skin              ||     1
Dodge: Dodged            ||     7
